[Event "Late-Titled-Tuesday-Blitz-February-20-2024"]
[Site "Chess.com"]
[Date "2024.02.20"]
[Round "3"]
[White "sergoy"]
[Black "JoakimVonAnd"]
[Result "1-0"]
[WhiteElo "3002"]
[BlackElo "2693"]
[TimeControl "180+1"]
[EndTime "14:26:56 PST"]
[Termination "sergoy won by resignation"]

1. d4 d5 2. c4 c6 3. Nf3 Nf6 4. Nc3 e6 5. e3 Nbd7 6. Qc2 a6 7. e4 dxe4 8. Nxe4 Nxe4 9. Qxe4 Bb4+ 10. Bd2 Bxd2+ 11. Nxd2 Nf6 12. Qe3 O-O 13. Be2 Qb6 14. O-O e5 15. c5 exd4 16. Qxd4 Qc7 17. Nc4 Be6 18. Nd6 Rad8 19. Rfd1 Bd5 20. Rd3 b6 21. Rg3 Kh8 22. b4 bxc5 23. bxc5 Rg8 24. Rh3 Rxd6 25. cxd6 Qxd6 26. Re3 Rb8 27. Rd1 h6 28. h3 a5 29. a3 a4 30. Qxa4 c5 31. Bf3 c4 32. Qxc4 Bxc4 33. Rxd6 Rb1+ 34. Kh2 Ra1 35. Be4 Be6 36. Rd8+ 1-0

[Event "Late-Titled-Tuesday-Blitz-February-20-2024"]
[Site "Chess.com"]
[Date "2024.02.20"]
[Round "3"]
[White "JackRodgers"]
[Black "OverallStranger"]
[Result "1-0"]
[WhiteElo "2555"]
[BlackElo "2347"]
[TimeControl "180+1"]
[EndTime "14:26:56 PST"]
[Termination "JackRodgers won by checkmate"]

1. d4 e6 2. c4 f5 3. g3 Nf6 4. Bg2 c6 5. Nf3 d5 6. Ne5 Bd6 7. O-O O-O 8. Bg5 Qe8 9. Bxf6 Rxf6 10. f4 Rh6 11. e3 Nd7 12. Nc3 Nf6 13. Bf3 Ne4 14. Bxe4 fxe4 15. c5 Be7 16. b4 Qf8 17. a4 Qf5 18. Qe2 Qh3 19. Qg2 Bf6 20.
Qxh3 Rxh3 21. Kg2 Rh6 22. b5 Bxe5 23. fxe5 Bd7 24. Rf2 Rf8 25. Rxf8+ Kxf8 26. Rb1 Rh5 27. g4 Rg5 28. Kg3 h5 29. h3 Rg6 30. a5 hxg4 31.
hxg4 Ke7 32. a6 bxa6 33. b6 axb6 34. cxb6 Bc8 35. b7 Bxb7 36. Rxb7+ Kf8 37. Na4 Rh6 38. Nc5 a5 39. Ra7 Rh1 40. Nxe6+ Ke8 41. Nxg7+ Kf8 42. Ne6+ Ke8 43. Rxa5 Re1 44. Kf2 Rb1 45. Nf4 Rb2+ 46. Ne2 Rc2 47. g5 Kf7 48. Ra7+ Kg6 49. e6 Rb2 50. e7 Kf7 51. g6+ Kg7 52. e8=Q+ Kh6 53.
Rh7+ Kg5 54. Qe7+ Kxg6 55. Qf7+ Kg5 56. Rh5+ Kg4 57. Qf5# 1-0

[Event "Late-Titled-Tuesday-Blitz-February-20-2024"]
[Site "Chess.com"]
[Date "2024.02.20"]
[Round "3"]
[White "pavet"]
[Black "jefferyx"]
[Result "1/2-1/2"]
[WhiteElo "2747"]
[BlackElo "3017"]
[TimeControl "180+1"]
[EndTime "14:26:57 PST"]
[Termination "Game drawn by agreement"]

1. e4 c6 2. d4 d5 3. e5 Bf5 4.
h4 h5 5. Bd3 Bxd3 6. Qxd3 Qa5+ 7. Nd2 e6 8. Nf3 Nh6 9. O-O Nf5 10. a4 Be7 11. b3 Nxh4 12. Nxh4 Bxh4 13. Ba3 Nd7 14. c4 Be7 15. Bxe7 Kxe7 16. b4 Qd8 17. b5 Kf8 18. cxd5 cxd5 19. Rac1 h4 20. f4 Kg8 21. f5 Qg5 22. fxe6 fxe6 23. Rc7 h3 24. g3 Nb6 25. Kh2 Rh6 26. Rf4 Rg6 27. a5 Nc4 28. Nxc4 dxc4 29.
Rxc4 Rd8 30. Rc7 Rh6 31. Rxb7 Qxe5 32. dxe5 Rxd3 33. Rb8+ Kh7 34. Rh4 Rxh4 35. gxh4 Kg6 36. a6 Ra3 37. Rb7 Ra5 38. Rxa7 Rxb5 39. Re7 Rxe5 40.
a7 Ra5 41. Rxe6+ Kf7 42. Re4 Rxa7 43. Kxh3 1/2-1/2

[Event "Late-Titled-Tuesday-Blitz-February-20-2024"]
[Site "Chess.com"]
[Date "2024.02.20"]
[Round "3"]
[White "GothamChess"]
[Black "Hrant_ChessMood"]
[Result "0-1"]
[WhiteElo "2704"]
[BlackElo "3007"]
[TimeControl "180+1"]
[EndTime "14:26:57 PST"]
[Termination "Hrant_ChessMood won by resignation"]

1. e4 c6 2. d4 d5 3. Nc3 dxe4 4. Nxe4 Nf6 5. Ng5 Bg4 6. N1f3 Nbd7 7. h3 Bxf3 8. Nxf3 e6 9. Be2 Bd6 10. O-O O-O 11. b3 a5 12. a4 Qc7 13. Bb2 Rad8 14. Re1 e5 15. Bd3 exd4 16. Bxd4 Bc5 17. Qc1 Bxd4 18. Nxd4 Nc5 19. Nf5 g6 20. Nh6+ Kh8 21.
Qg5 Nd5 22. Bc4 Ne6 23. Qc1 Qf4 24. Bxd5 Rxd5 25. Qb2+ Qd4 26. Qxd4+ Nxd4 27. Re7 Kg7 28. Ng4 Nxc2 29. Rc1 Nd4 30. Kh2 Nxb3 31. Rce1 Nc5 32.
Rc7 Rf5 33. Kg3 h5 34. Ne3 Rf6 35. Nc4 h4+ 36. Kxh4 Rf4+ 0-1

[Event "Late-Titled-Tuesday-Blitz-February-20-2024"]
[Site "Chess.com"]
[Date "2024.02.20"]
[Round "3"]
[White "Chessdude1987"]
[Black "Bala-Afiada"]
[Result "1-0"]
[WhiteElo "2355"]
[BlackElo "1957"]
[TimeControl "180+1"]
[EndTime "14:26:58 PST"]
[Termination "Chessdude1987 won on time"]

1. e4 c5 2. Nf3 Nc6 3. Bb5 d6 4. O-O Bg4 5. h3 Bxf3 6. Qxf3 e5 7. c3 Nf6 8. Rd1 a6 9. Bxc6+ bxc6 10. d4 cxd4 11.
cxd4 Qc7 12. dxe5 dxe5 13. Nc3 Be7 14. b3 O-O 15. Na4 Rfd8 16. Be3 Rxd1+ 17. Rxd1 Rd8 18. Rc1 Rd3 19. Bb6 Qd7 20. Qe2 Rd2 21. Qxa6 Rd1+ 22.
Rxd1 Qxd1+ 23. Kh2 h6 24. Qb7 Bf8 25. Qxc6 Qe2 26.
Nc3 Qc2 27. Qc4 Qc1 28. Be3 Qe1 29. Nd5 Nxd5 30. Qxd5 Qe2 31. a4 Be7 32. a5 Bh4 33.
Qxe5 Bxf2 34. Bxf2 Qxf2 35. a6 1-0

[Event "Late-Titled-Tuesday-Blitz-February-20-2024"]
[Site "Chess.com"]
[Date "2024.02.20"]
[Round "3"]
[White "icaughtacrab"]
[Black "Walter_White_Poland"]
[Result "0-1"]
[WhiteElo "2049"]
[BlackElo "2363"]
[TimeControl "180+1"]
[EndTime "14:26:59 PST"]
[Termination "Walter_White_Poland won on time"]

1. d4 d5 2. Bf4 c5 3. e3 Nc6 4. c3 Nf6 5. Nf3 Qb6 6. Qb3 c4 7. Qc2 Bf5 8. Qc1 e6 9. Nbd2 h6 10. h3 Rc8 11. Be2 Qa5 12. b4 Nxb4 13. cxb4 Bxb4 14.
O-O Ba3 15. Nb3 Qb4 16. Qe1 cxb3 17. Qxb4 Bxb4 18. axb3 a6 19. Ra4 Be7 20. Ne5 Nd7 21. g4 Bh7 22. Nd3 Rc2 23. Nc1 O-O 24. Re1 Rfc8 25. Na2 Nb6 26. Ra5 Rb2 27. Bd1 g5 28. Bg3 f6 29. Kg2 Kf7 30. Kg1 Be4 31. f3 Bd3 32. Bf2 Bb1 33. Nc1 Rxc1 0-1

[Event "Late-Titled-Tuesday-Blitz-February-20-2024"]
[Site "Chess.com"]
[Date "2024.02.20"]
[Round "3"]
[White "andy_rekt"]
[Black "manitodeplomo"]
[Result "1/2-1/2"]
[WhiteElo "2473"]
[BlackElo "2651"]
[TimeControl "180+1"]
[EndTime "14:27:00 PST"]
[Termination "Game drawn by repetition"]

1. e4 c5 2. Nf3 e6 3. c3 d5 4. exd5 Qxd5 5. d4 Nf6 6. Na3 Bd7 7. Bc4 Qd6 8. Nb5 Bxb5 9. Bxb5+ Nbd7 10. O-O a6 11.
Ba4 b5 12. Bc2 Be7 13. a4 O-O 14. axb5 axb5 15. Bg5 c4 16. Qe2 Ra6 17. Rxa6 Qxa6 18.
Ne5 Nxe5 19. Qxe5 Rd8 20. Qc7 Nd5 21. Qg3 Bxg5 22. Qxg5 Qd6 23. h4 h6 24. Qg4 Qf4 25.
Qxf4 Nxf4 26. Ra1 b4 27. Ra4 bxc3 28. bxc3 Rc8 29. Kf1 Nd5 30. Ra3 Rb8 31. Ke1 g5 32. hxg5 hxg5 33. Kd2 Kg7 34. Ra4 Rc8 35. Bd1 f5 36.
Be2 Nb6 37. Rb4 Rc6 38. g3 Kf6 39. Bf3 Rd6 40. Be2 Rc6 41. Bf3 Rd6 42. Be2 Rc6 1/2-1/2

[Event "Late-Titled-Tuesday-Blitz-February-20-2024"]
[Site "Chess.com"]
[Date "2024.02.20"]
[Round "3"]
[White "rickywsb"]
[Black "VinzentSpitzl"]
[Result "0-1"]
[WhiteElo "2330"]
[BlackElo "2547"]
[TimeControl "180+1"]
[EndTime "14:27:01 PST"]
[Termination "VinzentSpitzl won by resignation"]

1. d4 d5 2. Bf4 Nf6 3. e3 c5 4.
Nd2 Nc6 5. Ngf3 Bf5 6. c4 e6 7.
Qb3 Qb6 8. Be2 cxd4 9. Qxb6 axb6 10. exd4 Be7 11. Bc7 O-O 12. Bxb6 Nb4 13. O-O Nc2 14. Rac1 Rxa2 15. b3 h6 16. c5 Nb4 17. Bb5 Nd3 18. Ra1 Rfa8 19. Rxa2 Rxa2 20. h3 Nb4 21. g4 Bc2 22. Ne5 Ne4 23. Nxe4 dxe4 24.
Re1 Bxb3 25. Rxe4 Bd5 26. Re1 Nc2 27. Rd1 Bh4 28. Bc4 Bxc4 29. Nxc4 Ra4 30. Ne5 Rxd4 31. c6 Rxd1+ 0-1

[Event "Late-Titled-Tuesday-Blitz-February-20-2024"]
[Site "Chess.com"]
[Date "2024.02.20"]
[Round "3"]
[White "Goryachkina"]
[Black "Hui_Li_Macau"]
[Result "1-0"]
[WhiteElo "2686"]
[BlackElo "2357"]
[TimeControl "180+1"]
[EndTime "14:27:01 PST"]
[Termination "Goryachkina won on time"]

1. e4 e5 2. Bc4 Nf6 3. d3 c6 4. Nf3 d5 5. Bb3 Bd6 6. exd5 cxd5 7. Nc3 Nc6 8. O-O Be6 9. Bg5 Bc7 10. Re1 h6 11.
Bh4 O-O 12. Qd2 Kh7 13. h3 Re8 14. Ne2 e4 15. Nfd4 g5 16. Bg3 Nxd4 17. Nxd4 Bxg3 18. fxg3 Nh5 19. Qf2 Qd6 20. Nxe6 Qxe6 21. dxe4 Qd6 22. Qxf7+ Ng7 23. Qxd5 Qb6+ 24. Kh2 Rad8 25. Qc4 Qd6 26. Qc3 Nh5 27. e5 Qe7 28. Rf1 Rc8 29. Qd3+ Kh8 30.
Rf7 1-0

[Event "Late-Titled-Tuesday-Blitz-February-20-2024"]
[Site "Chess.com"]
[Date "2024.02.20"]
[Round "3"]
[White "Bugcrusher"]
[Black "Christ_is_alive"]
[Result "1-0"]
[WhiteElo "2530"]
[BlackElo "2272"]
[TimeControl "180+1"]
[EndTime "14:27:02 PST"]
[Termination "Bugcrusher won on time"]

1. d4 Nf6 2. c4 g6 3. Nc3 Bg7 4.
e4 d6 5. Nf3 O-O 6. Be2 e5 7.
O-O Nc6 8. d5 Ne7 9. b4 Nh5 10.
Re1 f5 11. Ng5 Nf6 12. Bf3 fxe4 13. Ncxe4 Nf5 14. Bb2 Nd4 15. Bxd4 exd4 16. Ne6 Bxe6 17. dxe6 Nxe4 18. Bxe4 Be5 19. g3 c6 20. f4 Bf6 21. Qd3 Kg7 22. b5 d5 23. cxd5 cxd5 24. Bf3 Qd6 25. Rac1 Rae8 26. Bg4 Re7 27. a3 Rfe8 28. Kg2 Qb6 29. h4 Qa5 30. h5 Rc7 31. Rxc7+ Qxc7 32. Rh1 Qc3 33. h6+ Kg8 34. Rd1 Rc8 35. Bf3 Rc5 36. Bxd5 Rxd5 37. Qxc3 dxc3 38. Rxd5 Kf8 39. Rd7 1-0

[Event "Late-Titled-Tuesday-Blitz-February-20-2024"]
[Site "Chess.com"]
[Date "2024.02.20"]
[Round "3"]
[White "DonJuanEGenaro"]
[Black "scandalgod"]
[Result "1-0"]
[WhiteElo "2117"]
[BlackElo "2490"]
[TimeControl "180+1"]
[EndTime "14:27:02 PST"]
[Termination "DonJuanEGenaro won on time"]

1. d4 d5 2. Nf3 Nf6 3. c4 c6 4. cxd5 cxd5 5. Nc3 Nc6 6. Bf4 a6 7. Ne5 e6 8. e3 Bd6 9. Nxc6 bxc6 10. Bxd6 Qxd6 11.
Be2 O-O 12. O-O c5 13. Qa4 cxd4 14. exd4 Bd7 15. Qc2 Rfc8 16. Qd2 Rab8 17. a3 Rc7 18. b4 Rbc8 19. Rfc1 g6 20. Qd3 Ne4 21. Na2 Bb5 22. Qe3 Rc2 23. Bd3 Bxd3 24. Qxd3 R2c4 25. f3 Nf6 26.
Rc3 Nh5 27. Rac1 Nf4 28. Qe3 h5 29. g3 Nh3+ 30. Kg2 a5 31. Rxc4 dxc4 32. Kxh3 axb4 33.
Nxb4 Qb6 34. Rc3 Qb5 35. Qe5 Qa4 36. Qe2 Qb5 37. Kg2 h4 38. Qe5 Qa4 39. Qf6 Qd1 40. Rc2 h3+ 41. Kxh3 Qf1+ 42. Kg4 c3 43. d5 1-0

[Event "Late-Titled-Tuesday-Blitz-February-20-2024"]
[Site "Chess.com"]
[Date "2024.02.20"]
[Round "3"]
[White "bancsoo"]
[Black "Marianov_Podstavnikov"]
[Result "0-1"]
[WhiteElo "2876"]
[BlackElo "2533"]
[TimeControl "180+1"]
[EndTime "14:27:03 PST"]
[Termination "Marianov_Podstavnikov won by resignation"]

1. a3 e5 2. c4 Nf6 3. Nc3 d5 4. cxd5 Nxd5 5. Qc2 Nc6 6. Nf3 g6 7. e4 Nb6 8. Bb5 Bg7 9. Bxc6+ bxc6 10. d3 O-O 11. h3 Ba6 12. Ke2 f5 13. Be3 fxe4 14.
Nxe4 Nd5 15. Rhd1 Nxe3 16. fxe3 Qd5 17. Kf2 Rad8 18. Nc5 Bc8 19. Qc4 Bxh3 20. Qxd5+ Rxd5 21. Rac1 Bg4 22. b4 Bh6 23. Na6 Rfd8 24. Rxc6 Rxd3 25.
Rxd3 Rxd3 26. Nxe5 Rd2+ 27. Kg3 Bf5 28. Kf3 Rd5 29.
Nc4 Bc8 30. Nc5 Rf5+ 31. Ke2 Rg5 32. Rxc7 Rxg2+ 33. Kf3 Bh3 34. Rxa7 Rc2 35. Ne5 Bg2+ 36. Kg3 Bxe3 37. Ng4 Bd4 38. Ne6 Bxa7 0-1

[Event "Late-Titled-Tuesday-Blitz-February-20-2024"]
[Site "Chess.com"]
[Date "2024.02.20"]
[Round "3"]
[White "bilosuvenosu06"]
[Black "crescentmoon2411"]
[Result "1/2-1/2"]
[WhiteElo "2504"]
[BlackElo "2980"]
[TimeControl "180+1"]
[EndTime "14:27:04 PST"]
[Termination "Game drawn by repetition"]

1. d4 Nf6 2. c4 e6 3. Nc3 Bb4 4. e3 O-O 5. Bd3 d5 6. Ne2 dxc4 7. Bxc4 c5 8. O-O b6 9. a3 Bxc3 10. bxc3 Qc7 11. Bd3 Ba6 12. f3 Rd8 13. e4 Bxd3 14. Qxd3 Nc6 15. Be3 Ne5 16. Qb5 Qc6 17. Qxc6 Nxc6 18.
Rfd1 cxd4 19. cxd4 Rac8 20. Rac1 Na5 21. Bg5 h6 22.
Bd2 Nb3 23. Rxc8 Rxc8 24. Bc3 a5 25. a4 b5 26. axb5 a4 27. d5 exd5 28. exd5 Nd7 29. Kf2 a3 30. Rb1 a2 31. Rd1 Rxc3 32. Nxc3 a1=Q 33.
Rxa1 Nxa1 34. Ke3 Nb3 35. Kd3 Kf8 36. Kc4 Na5+ 37. Kd4 Nb7 38. g4 Ke7 39. Ne4 Nd6 40. Nc3 g5 41. h3 Kd8 42. Ke3 Kc7 43. f4 Kb6 44. fxg5 hxg5 45. Kd4 Nxb5+ 46. Nxb5 Kxb5 47.
Ke4 Kc5 48. Kf5 f6 49. Ke6 Ne5 50. Kxf6 Nf3 51. Ke6 Nd4+ 52. Ke5 Nf3+ 53. Ke6 Nd4+ 54. Ke5 Nf3+ 55. Ke6 1/2-1/2

[Event "Late-Titled-Tuesday-Blitz-February-20-2024"]
[Site "Chess.com"]
[Date "2024.02.20"]
[Round "3"]
[White "Dinamo3"]
[Black "TemploVillamarin"]
[Result "1-0"]
[WhiteElo "2519"]
[BlackElo "2179"]
[TimeControl "180+1"]
[EndTime "14:27:04 PST"]
[Termination "Dinamo3 won by resignation"]

1. c4 Nf6 2. Nc3 g6 3. g3 Bg7 4. Bg2 c6 5. d3 d5 6. Nf3 dxc4 7. dxc4 Qxd1+ 8. Nxd1 O-O 9. O-O Be6 10. Ne3 Ng4 11.
Nxg4 Bxg4 12. Be3 Nd7 13. Rad1 Nb6 14. b3 Rad8 15. a4 Nc8 16. a5 Bf5 17. Nd4 Bxd4 18.
Rxd4 Rxd4 19. Bxd4 Rd8 20. Bc3 Bc2 21. b4 Nd6 22.
Rc1 Bb3 23. c5 Nb5 24. Be1 Nd4 25. Kf1 e5 26. e3 Nb5 27. a6 bxa6 28. Bxc6 f5 29.
Bb7 Nc7 30. Bc3 Nd5 31. Bxe5 Nxb4 32. c6 Be6 33. c7 Rf8 34. c8=Q Bxc8 35. Rxc8 Rxc8 36.
Bxc8 a5 37. Bd7 Nd3 38. Bd4 a4 39. Bxa4 1-0

[Event "Late-Titled-Tuesday-Blitz-February-20-2024"]
[Site "Chess.com"]
[Date "2024.02.20"]
[Round "3"]
[White "dedpihto_v_kozhanom_palto"]
[Black "DrVelja"]
[Result "0-1"]
[WhiteElo "2687"]
[BlackElo "2981"]
[TimeControl "180+1"]
[EndTime "14:27:06 PST"]
[Termination "DrVelja won on time"]

1. c4 e5 2. Nc3 Nf6 3. Nf3 Nc6 4. e3 Bb4 5. Qc2 Bxc3 6. Qxc3 Qe7 7. d4 e4 8. d5 exf3 9. dxc6 fxg2 10. cxd7+ Bxd7 11. Bxg2 Bc6 12. Bxc6+ bxc6 13. f3 O-O-O 14. Bd2 Nd7 15. O-O-O Ne5 16. Qa5 Kb7 17. Kb1 Nxf3 18. Bb4 Qe4+ 19.
Ka1 Rxd1+ 20. Rxd1 Qxc4 21. Bc5 a6 22. a3 Ne5 23.
Bb6 Nd3 24. Bxc7 Nc5 25. Qb6+ Ka8 26. Bd6 Nb7 27. Bg3 Qb5 28. Qc7 h5 29. e4 h4 30.
Bf2 f6 31. Bb6 Qe5 0-1

[Event "Late-Titled-Tuesday-Blitz-February-20-2024"]
[Site "Chess.com"]
[Date "2024.02.20"]
[Round "3"]
[White "Sargsyan_Shant"]
[Black "ACollins05"]
[Result "0-1"]
[WhiteElo "2887"]
[BlackElo "2589"]
[TimeControl "180+1"]
[EndTime "14:27:07 PST"]
[Termination "ACollins05 won on time"]

1. Nf3 d5 2. g3 Nf6 3. Bg2 e6 4. O-O Be7 5. d4 O-O 6. b3 c5 7. c4 Nc6 8. cxd5 Nxd5 9. Bb2 Nf6 10. dxc5 Bxc5 11. Nbd2 Qe7 12. a3 Rd8 13. e3 Bd7 14. Qe2 Rac8 15. Rfc1 Bb6 16. Nc4 Bc7 17. b4 Be8 18. h4 Nd5 19. h5 h6 20. Nh2 f6 21. Ng4 e5 22. Rd1 Bf7 23. Rac1 Nb6 24. Nxb6 Bxb6 25. Be4 Rxd1+ 26. Rxd1 Rd8 27. Rc1 Qe8 28.
Qf3 Ne7 29. Bxb7 Bxh5 30. Be4 Kh8 31. Qe2 f5 32. Bf3 Bxg4 33. Bxg4 fxg4 34. Qxg4 Qg6 35. Qf3 Qf6 36. Qe4 Qf5 37. Qxf5 Nxf5 0-1

[Event "Late-Titled-Tuesday-Blitz-February-20-2024"]
[Site "Chess.com"]
[Date "2024.02.20"]
[Round "3"]
[White "AlejandroArias"]
[Black "Pelusiansky"]
[Result "0-1"]
[WhiteElo "2371"]
[BlackElo "2564"]
[TimeControl "180+1"]
[EndTime "14:27:08 PST"]
[Termination "Pelusiansky won on time"]

1. e4 c6 2. d4 d5 3. exd5 cxd5 4. Bd3 Nc6 5. c3 Nf6 6. h3 e5 7. dxe5 Nxe5 8. Nf3 Nxd3+ 9. Qxd3 h6 10. O-O Be7 11. Bf4 O-O 12. Nbd2 Re8 13. Rfe1 Be6 14. Nd4 Qd7 15. Nxe6 fxe6 16. Nf3 Bd6 17. Be5 Ne4 18. Rxe4 dxe4 19. Qxe4 Bxe5 20. Nxe5 Qd5 21. Qe3 Rad8 22. Nf3 a6 23. b3 Qd3 24. Re1 Qxe3 25. Rxe3 e5 26.
a4 Rd1+ 27. Kh2 e4 28. Nd4 Rd3 29. Kg3 Rc8 30. Ne2 g5 31. Kg4 Rxe3 32. fxe3 Rf8 33.
Kg3 Kg7 34. Nd4 Kg6 35. c4 Rf1 36. Ne6 b6 37. Nd4 h5 38. Ne6 h4+ 39. Kh2 Re1 40. a5 bxa5 41. c5 Rxe3 0-1

[Event "Late-Titled-Tuesday-Blitz-February-20-2024"]
[Site "Chess.com"]
[Date "2024.02.20"]
[Round "3"]
[White "ozates"]
[Black "Beca95"]
[Result "0-1"]
[WhiteElo "2584"]
[BlackElo "2909"]
[TimeControl "180+1"]
[EndTime "14:27:09 PST"]
[Termination "Beca95 won by resignation"]

1. c4 e5 2. g3 Nf6 3. Bg2 h6 4. Nc3 Bb4 5. e4 O-O 6. Nge2 d6 7. O-O Nc6 8. a3 Bc5 9. d3 a6 10. h3 Rb8 11. Kh2 b5 12. f4 bxc4 13. dxc4 a5 14. Nd5 Nxd5 15. exd5 Nd4 16. Nc3 Nb3 17. Rb1 Nxc1 18. Qxc1 f5 19. Nb5 a4 20. Qc2 Bd7 21. Qxa4 exf4 22. Rxf4 g5 23. Rf3 g4 24.
Rf4 Be3 25. Rbf1 h5 26. h4 Qf6 27. Qc2 Bxf4 28. Rxf4 Bxb5 29. cxb5 Rxb5 30. b4 Rbb8 31. Qxc7 Rbc8 32. Qd7 Rc2 33. Qe6+ Kg7 34. Qxf6+ Kxf6 35. Kg1 Ke5 36. Rf1 Ra8 37. Re1+ Kd4 38. Rd1+ Ke3 39.
Re1+ Re2 40. Ra1 f4 41. gxf4 Kxf4 42. a4 Rb2 43. b5 Kg3 44. Ra3+ Kxh4 45. Bf1 Ra5 46. Kh1 Kg5 47. Kg1 h4 48. Kh1 h3 49.
Kg1 Kh4 50. Bd3 g3 51. Bf1 Rb1 0-1

[Event "Late-Titled-Tuesday-Blitz-February-20-2024"]
[Site "Chess.com"]
[Date "2024.02.20"]
[Round "3"]
[White "krzyzan94"]
[Black "ahkashefi2800"]
[Result "0-1"]
[WhiteElo "2770"]
[BlackElo "2551"]
[TimeControl "180+1"]
[EndTime "14:27:11 PST"]
[Termination "ahkashefi2800 won on time"]

1. e4 c6 2. d4 d5 3. e5 Bf5 4. c4 e6 5. Nc3 Ne7 6. h3 Nd7 7. Nf3 Bg6 8. a3 Rc8 9. c5 f6 10. Bf4 Bh5 11. g4 Bf7 12. Bg3 Ng6 13. exf6 gxf6 14. h4 h5 15. gxh5 Ne7 16. Bh3 Rxh5 17.
Bg4 Rh8 18. Qe2 f5 19. Bh3 Nf6 20. Be5 Rh6 21. Bxf6 Rxf6 22. Ng5 Ng6 23. O-O-O Bh6 24. Kb1 Nf4 25. Qf3 Nxh3 26. Rxh3 Qe7 27. Re1 Kd7 28.
Ne2 e5 29. dxe5 Qxe5 30. Rhh1 Re8 31. Nf4 Qxe1+ 32. Rxe1 Rxe1+ 33. Kc2 Re4 34. Qc3 d4 35. Qb4 d3+ 36. Nxd3 Rxb4 0-1

[Event "Late-Titled-Tuesday-Blitz-February-20-2024"]
[Site "Chess.com"]
[Date "2024.02.20"]
[Round "3"]
[White "chessydotcom"]
[Black "ybothg"]
[Result "0-1"]
[WhiteElo "2173"]
[BlackElo "2520"]
[TimeControl "180+1"]
[EndTime "14:27:14 PST"]
[Termination "ybothg won by resignation"]

1. e4 c5 2. Nf3 Nc6 3. d4 cxd4 4. Nxd4 e5 5. Nb5 a6 6. Nd6+ Bxd6 7. Qxd6 Qe7 8. Qxe7+ Ngxe7 9. Nc3 d5 10. Bd2 Be6 11.
exd5 Nxd5 12. O-O-O O-O-O 13. Nxd5 Bxd5 14. f3 f6 15. Bc3 Kc7 16. Bd3 b5 17. b4 Bxa2 18. Kb2 Be6 19. Ra1 Kb6 20. Rhe1 Rd6 21. Bd2 g6 22. Be3+ Kb7 23. Bc5 Rd7 24. Be4 Bd5 25. Bd3 f5 26. g4 f4 27. Be4 Bxe4 28. Rxe4 Rd2 29. h4 Rhd8 30. h5 Rh2 31. hxg6 hxg6 32.
Bg1 Rg2 33. Rc1 Rdd2 34. Kc3 Rxc2+ 35. Rxc2 Rxg1 36. Rh2 Rg3 37. Rh7+ Kb6 38. Rg7 Rxf3+ 39. Kc2 a5 40. bxa5+ Kxa5 41. Rxg6 Nd4+ 42. Kb2 Rf2+ 43.
Kc3 Nf3 44. Kd3 Ra2 45. g5 Nh4 46. Rh6 Ra3+ 47. Ke2 Nf5 48. Rh3 Rxh3 49. Rxe5 Re3+ 50. Kf2 Rxe5 0-1

[Event "Late-Titled-Tuesday-Blitz-February-20-2024"]
[Site "Chess.com"]
[Date "2024.02.20"]
[Round "3"]
[White "IndianSchoolOfSuffering"]
[Black "Rashad_Zeynalli"]
[Result "0-1"]
[WhiteElo "2439"]
[BlackElo "2643"]
[TimeControl "180+1"]
[EndTime "14:27:15 PST"]
[Termination "Rashad_Zeynalli won by resignation"]

1. e4 c5 2. Nf3 d6 3. d4 cxd4 4. Nxd4 Nf6 5. Nc3 a6 6. Bg5 e6 7.
f4 Be7 8. Qf3 Qc7 9. O-O-O Nbd7 10. g4 b5 11. Bxf6 Nxf6 12. g5 Nd7 13. f5 Nc5 14. fxe6 fxe6 15. Bh3 Bxg5+ 16. Kb1 Bf6 17. Rhe1 O-O 18. Qg2 Kh8 19. a3 Rb8 20. Na2 a5 21. c3 Bd7 22. Bg4 Rfe8 23. Bh5 Rec8 24. Bg4 Qb7 25. Qh3 Nxe4 26. Bf3 d5 27. Bxe4 dxe4 28. Qe3 e5 29. Nc2 Bg4 30. Rd6 Bf5 31. Rf1 Bg6 32. h4 Bxh4 33. Rxg6 hxg6 34. Qh3 g5 35. Ne3 Qe7 36. Nf5 Qd7 37. Qg4 Qd3+ 38. Ka1 Qxf1+ 0-1

[Event "Late-Titled-Tuesday-Blitz-February-20-2024"]
[Site "Chess.com"]
[Date "2024.02.20"]
[Round "3"]
[White "EcosseKillie"]
[Black "wild3000"]
[Result "1-0"]
[WhiteElo "2174"]
[BlackElo "2403"]
[TimeControl "180+1"]
[EndTime "14:27:15 PST"]
[Termination "EcosseKillie won by resignation"]

1. d4 d5 2. Bg5 c6 3. Nf3 h6 4.
Bh4 Bg4 5. Nbd2 Nd7 6. e3 Ngf6 7. Be2 e6 8. Ne5 Bxe2 9. Qxe2 Be7 10. f4 O-O 11. O-O c5 12. c3 a6 13. Rf3 Ne4 14. Bxe7 Qxe7 15. Nxe4 dxe4 16. Rf2 cxd4 17. exd4 f5 18.
Ng6 Qd6 19. Nxf8 Rxf8 20. Rd1 Nf6 21. Qf1 b5 22. Re2 Rc8 23. Ree1 Qd5 24. a4 Rb8 25. axb5 axb5 26. Ra1 b4 27. Qa6 bxc3 28. bxc3 Rb2 29. Reb1 Rd2 30. Ra5 Qd8 31. Qxe6+ Kh8 32. Rab5 Qd7 33. Qxf5 Qxf5 34. Rxf5 e3 35. Re5 Ng4 36. Re8+ Kh7 37. h3 e2 38. hxg4 Rd1+ 39. Kf2 Rxb1 40.
Rxe2 Rc1 41. Re3 Kg6 42. Kf3 Kf6 43. Ke4 Rc2 44. g3 Ke6 45. f5+ Kf6 46. Kd3 Rc1 47.
d5 Rd1+ 48. Kc4 Kg5 49. Kc5 Kxg4 50. d6 Kxf5 51. Kc6 g5 52. d7 h5 53. Kc7 h4 54.
gxh4 gxh4 55. d8=Q Rxd8 56. Kxd8 Kf4 57. Rh3 Kg4 58. Rh1 h3 59. c4 Kg3 60. c5 Kg2 61. Rxh3 Kxh3 62. c6 Kg4 63. c7 1-0

[Event "Late-Titled-Tuesday-Blitz-February-20-2024"]
[Site "Chess.com"]
[Date "2024.02.20"]
[Round "3"]
[White "steepedgames"]
[Black "elchacal664"]
[Result "1-0"]
[WhiteElo "2561"]
[BlackElo "2360"]
[TimeControl "180+1"]
[EndTime "14:27:16 PST"]
[Termination "steepedgames won on time"]

1. d4 e5 2. dxe5 Nc6 3. Nf3 Qe7 4. e3 Nxe5 5. Be2 Nf6 6. O-O g6 7. Nc3 Bg7 8. b3 O-O 9. Nxe5 Qxe5 10. Bb2 Qe7 11. Bf3 d6 12. Re1 h5 13. h3 c6 14. e4 Nd7 15. Qd2 Ne5 16. Be2 f5 17. Rad1 fxe4 18. Qxd6 Qh4 19. Nxe4 Qxe4 20. Bxe5 Qf5 21.
Bc4+ Kh7 22. Bxg7 Qxf2+ 23. Kh1 Bxh3 24. Qh2 Kxg7 25. gxh3 Qh4 26. Rf1 b5 27. Bd3 Rae8 28.
Qg2 Re6 29. Rxf8 Kxf8 30. Rf1+ Kg7 31. Qf3 Kh7 32. Qf7+ Kh6 33. Qxe6 Qg3 34. Qe2 Qxh3+ 35.
Qh2 Qf3+ 36. Rxf3 1-0

[Event "Late-Titled-Tuesday-Blitz-February-20-2024"]
[Site "Chess.com"]
[Date "2024.02.20"]
[Round "3"]
[White "NtcPou"]
[Black "pr1105"]
[Result "1-0"]
[WhiteElo "2020"]
[BlackElo "2345"]
[TimeControl "180+1"]
[EndTime "14:27:17 PST"]
[Termination "NtcPou won by resignation"]

1. e4 e5 2. Nf3 Nc6 3. Bc4 Nf6 4. d3 Bc5 5. O-O d6 6. c3 a5 7. Re1 h6 8. Nbd2 O-O 9. Nf1 Be6 10. Ng3 Bxc4 11.
dxc4 Ne7 12. Nf1 Qd7 13. h3 Qe6 14. b3 a4 15. b4 Bb6 16. Qd3 Ng6 17. a3 Nh5 18. Ne3 Nhf4 19. Qf1 Ne7 20. Nd5 Nexd5 21. cxd5 Qg6 22. Kh2 Qh5 23. g4 Qg6 24. Nh4 Qg5 25.
Nf3 Qe7 26. Bxf4 exf4 27. Nd4 g6 28. f3 Kg7 29. Qd3 Rh8 30. c4 h5 31. Rac1 hxg4 32.
fxg4 Qe5 33. Nf3 Qe8 34. c5 Ba7 35. e5 Qe7 36. exd6 Qd7 37. Qd4+ f6 38. Qxf4 cxd6 39. cxd6 Rad8 40. Rc7 1-0

[Event "Late-Titled-Tuesday-Blitz-February-20-2024"]
[Site "Chess.com"]
[Date "2024.02.20"]
[Round "3"]
[White "chegueps"]
[Black "diskeleven"]
[Result "1-0"]
[WhiteElo "2662"]
[BlackElo "2452"]
[TimeControl "180+1"]
[EndTime "14:27:18 PST"]
[Termination "chegueps won by checkmate"]

1. d4 e6 2. Nf3 f5 3. h3 Nf6 4. g4 fxg4 5. hxg4 Nxg4 6. Bh3 Nf6 7. Nc3 Be7 8. Qd3 Nc6 9. Bg5 Nb4 10. Qd2 b6 11.
Ne5 Bb7 12. Rg1 d6 13. Nd3 Nxd3+ 14. Qxd3 e5 15. d5 Bc8 16. O-O-O Bxh3 17. Qxh3 Qc8 18. Qd3 Qd7 19. Bd2 g6 20. Kb1 a6 21. f4 exf4 22.
Bxf4 b5 23. e4 O-O-O 24. a4 Nh5 25. Be3 Kb7 26. axb5 Ra8 27. b6 cxb6 28. Qd4 Qc7 29. Rd3 Bf6 30. Qb4 Rac8 31. Rg2 Rhe8 32. Na4 b5 33. Nb6 Rcd8 34. Ra3 Be5 35. Qa5 Ra8 36. c4 Ra7 37. cxb5 Rg8 38. Rc2 Qg7 39. bxa6+ Kb8 40.
Nc4 Nf6 41. Nxe5 dxe5 42. Rb3+ Ka8 43. Rb7 Qf8 44. Rxa7+ Kb8 45. Qb6# 1-0